 Dungeon Crawl Stone Soup version 0.30.1-9-gdf580d7c3d (webtiles) character file.

Game seed: 366443453485530307

125 Raikaria the Trooper (level 5, 0/55 HPs)
             Began as an Ogre Gladiator on Sept 27, 2023.
             Slain by a hobgoblin
             ... wielding a +0 hand axe
              (1 damage)
             ... while paralysed by Grinder
             ... on level 4 of the Dungeon.
             The game lasted 00:03:49 (1560 turns).

Raikaria the Trooper (Ogre Gladiator)               Turns: 1560, Time: 00:03:50

Health: 0/55       AC:  6    Str: 20    XL:     5   Next: 9%
Magic:  5/5        EV:  1    Int:  9    God:
Gold:   174        SH:  0    Dex: 10    Spells: 4/4 levels left

rFire   . . .        a - +0 trident
rCold   . . .        (no shield)
rNeg    . . .        b - +0 robe
rPois   .            c - +0 hat
rElec   .            n - +2 cloak
rCorr   .            (gloves unavailable)
SInv    .            (boots unavailable)
Will    .....        p - amulet of the acrobat
Stlth   +            (no ring)
HPRegen 0.29/turn    (no ring)
MPRegen 0.09/turn

%: acrobat
@: paralysed
A: large, unfitting armour, tough skin 1
a: no special abilities


You were on level 4 of the Dungeon.
You visited 1 branch of the dungeon, and saw 4 of its levels.

You collected 174 gold pieces.

Inventory:

Hand Weapons
 a - a +0 trident (weapon)
Missiles
 d - 3 throwing nets (quivered)
 e - a large rock
Armour
 b - a +0 robe (worn)
 c - a +0 hat (worn)
 n - a +2 cloak (worn)
Jewellery
 p - an amulet of the acrobat (around neck)
Scrolls
 f - a scroll of poison {unknown}
 g - 3 scrolls of identify {unknown}
 l - 2 scrolls of enchant weapon {unknown}
 o - a scroll of silence {unknown}
Potions
 h - 4 potions of curing {unknown}
 i - 2 potions of flight {unknown}
 j - a potion of mutation {unknown}
 k - a potion of heal wounds {unknown}
 m - a potion of haste {unknown}


   Skills:
 + Level 4.4 Fighting
 + Level 4.0 Polearms
 - Level 2.0 Throwing
 + Level 3.6 Dodging


You had 4 spell levels left.
You didn't know any spells.
Your spell library contained the following spells:

 Spells                   Type           Power      Damage    Failure   Level
 Passwall                 Tmut/Erth      0%         N/A       52%         2
 Ignite Poison            Fire/Tmut/Pois 0%         N/A       77%         3
 Stone Arrow              Conj/Erth      0%         3d7       77%         3
 Sticky Flame             Conj/Fire      0%         2d3       99%         4
 Lee's Rapid Deconstruct  Erth           0%         3d4*      100%        5
 Ignition                 Fire           0%         3d3       100%        8
 Shatter                  Erth           0%         3d5*      100%        9


Dungeon Overview and Level Annotations

Branches:
Dungeon (4/15)
 Temple: D:4-7

Altars:

Shops:
D:2 =[(!

Annotations:
D:2 Terence
D:4 Grinder


Innate Abilities, Weirdness & Mutations

You are too large for most types of armour.
You have tough skin. (AC +1)


Message History

You feel sick. The adder barely misses you. The hobgoblin barely misses you.
Grinder completely misses you. The adder bites you.
You closely miss the adder.
You feel sick.
You are no longer poisoned.
The adder closely misses you.
The hobgoblin hits you with a +0 hand axe.
Grinder closely misses you.
You puncture the adder!
You kill the adder!
The hobgoblin barely misses you. Grinder hits you but does no damage.
Your Polearms skill increases to level 4!
The hobgoblin hits you but does no damage.
Grinder blinks!
You see here an adder corpse.
You closely miss the hobgoblin.
The hobgoblin is moderately wounded.
The hobgoblin barely misses you. Grinder gestures at you.
Pain shoots through your body!
You barely miss the hobgoblin.
The hobgoblin is moderately wounded.
The hobgoblin hits you with a +0 hand axe.
You closely miss the hobgoblin.
The hobgoblin is moderately wounded.
The hobgoblin closely misses you.
You closely miss the hobgoblin.
The hobgoblin is moderately wounded.
Grinder gestures at you.
You suddenly lose the ability to move!
The hobgoblin completely misses you.
Grinder blinks!
The hobgoblin hits you with a +0 hand axe.
The hobgoblin hits you with a +0 hand axe.
* * * LOW HITPOINT WARNING * * *
Grinder gestures at you. Pain shoots through your body!
* * * LOW HITPOINT WARNING * * *
The hobgoblin hits you with a +0 hand axe.
* * * LOW HITPOINT WARNING * * *
The hobgoblin hits you with a +0 hand axe.
You die...

......# #..## .
....... ##..# .
#......####...# .
#...........##
#...........#
#...........##
##............#
##.........)....#
#.....g@..........
.<........#........
.......5.##......##
........## .......
.###>..## ......
#..# ..# #.. ..#


You could see Grinder and a hobgoblin.

Vanquished Creatures
  A scorpion (D:4)
  An iguana (D:4)
  An adder (D:4)
  A dart slug (D:4)
  5 bats
  An endoplasm (D:2)
  A giant cockroach (D:4)
  5 hobgoblins
  4 jackals (D:1)
  2 kobolds
  A quokka (D:1)
  3 ball pythons (D:2)
  A frilled lizard (D:1)
  A goblin (D:3)
28 creatures vanquished.

Notes
Turn   | Place    | Note
-------+----------+-------------------------------------------
     0 | D:1      | Raikaria the Ogre Gladiator began the quest for the Orb.
     0 | D:1      | Reached XP level 1. HP: 22/22 MP: 1/1
   266 | D:1      | Reached XP level 2. HP: 16/31 MP: 2/2
   446 | D:2      | Noticed Terence
   688 | D:2      | Found Busackis's Armour Shop.
   716 | D:2      | Found Zibyosamm's Weapon Boutique.
   723 | D:2      | Found Zoost's Distillery.
   881 | D:3      | Reached XP level 3. HP: 37/37 MP: 3/3
  1015 | D:2      | Found Jywk's Jewellery Shop.
  1412 | D:4      | Noticed a scorpion
  1422 | D:4      | Killed a scorpion
  1423 | D:4      | Reached XP level 4. HP: 32/49 MP: 4/4
  1423 | D:4      | Reached XP level 5. HP: 36/55 MP: 5/5
  1519 | D:4      | Got the Handbook of Amathomancy
  1537 | D:4      | Noticed Grinder
  1556 | D:4      | Paralysed by Grinder for 5 turns
  1559 | D:4      | HP: 2/55 [Grinder/nerve-wracking pain (11)]
  1560 | D:4      | Slain by a hobgoblin

Illustrated notes

Levels and vault maps discovered:
D:1:      nzn_arrival_settlement, layout_rooms
D:2:      layout_loops_ring, shapermc_ecumenical_altar_petra, serial_shops,
          shop, nicolae_shop_stone, nicolae_shop_bloodbath_and_beyond,
          nicolae_shop_competitors_out_of_business, uniq_terence
D:3:      layout_loops_ring, grunt_temple_overflow_champion_of_chaos,
          serial_bayou_pond_e, hex_medium, eino_tiny_chamber
D:4:      layout_layer_cave, fiery_altar_vehumet, temple_green,
          nicolae_ossuary_entry_giza, uniq_natasha, uniq_grinder

Skill      XL: |  1  2  3  4  5 |
---------------+----------------+-----
Fighting       | 3 4 |  4.4
Dodging        | 3 |  3.6
Polearms       | 4 |  4.0
Throwing       | |  2.0

Action                     |  1- 3 |  4- 6 || total
---------------------------+-------+-------++-------
  Melee: Trident           |   105 |    18 ||   123
         Punch             |     1 |       ||     1
 Armour: Robe              |    40 |     7 ||    47
  Dodge: Dodged            |    52 |    17 ||    69
